 Dungeon Crawl Stone Soup version 0.28-a0-1613-gdaab1c2f9b (webtiles) character file.

Game seed: 18172156964018418771

6558 issech the Basher (level 10, 0/100 HPs)
             Began as a Troll Fighter on Jan 22, 2022.
             Was an Elder of Makhleb.
             Slain by a yak (11 damage)
             ... on level 8 of the Dungeon.
             The game lasted 00:36:59 (8523 turns).

issech the Basher (Troll Fighter)                   Turns: 8523, Time: 00:37:00

Health: 0/100      AC: 10    Str: 32    XL:     10   Next: 70%
Magic:  9/9        EV: 12    Int:  4    God:    Makhleb [****..]
Gold:   527        SH:  0    Dex: 13    Spells: 9/9 levels left

rFire   . . .      SeeInvis .   o - +5 great mace "Tiusups" {protect, Fly rElec rC+ Will+}
rCold   + . .      Faith    +   (shield currently unavailable)
rNeg    . . .      Spirit   .   i - +0 steam dragon scales
rPois   .          Reflect  .   (helmet restricted)
rElec   +          Harm     .   E - +2 cloak
rCorr   +          Rampage  .   (gloves unavailable)
Will    +....                   (boots unavailable)
Stlth   ++........              S - amulet of faith
HPRegen 1.06/turn               m - ring of resist corrosion
MPRegen 0.11/turn               C - +6 ring of strength

@: flying
A: large, unfitting armour, claws 3, regeneration 1, shaggy fur 1, tough skin 1
a: Renounce Religion, Minor Destruction, Lesser Servant of Makhleb, Major
Destruction


You were on level 8 of the Dungeon.
You worshipped Makhleb.
Makhleb was greatly pleased with you.
You visited 2 branches of the dungeon, and saw 9 of its levels.
You also visited: Ossuary.

You collected 527 gold pieces.

Inventory:

Hand Weapons
 a - a +1 vorpal flail
 g - a +2 vorpal flail
 o - the +5 great mace "Tiusups" (weapon) {protect, Fly rElec rC+ Will+}
   (You found it on level 2 of the Dungeon)

   It grants its wielder temporary protection when it strikes (+7 to AC).
   rC:        It protects you from cold.
   rElec:     It insulates you from electricity.
   Fly:       It grants you flight.
   Will:      It increases your willpower.
 p - a +4 hunting sling
 w - a +0 shortbow
 D - a +2 quarterstaff of chaos
 I - a +1 flail of venom
 T - a +2 flail of protection
Missiles
 f - 214 stones (quivered)
 l - 206 arrows
 q - 5 silver javelins
 s - 13 sling bullets
 u - 6 atropa-tipped darts
 G - a boomerang
 J - 84 bolts
 Q - 5 poisoned darts
Armour
 b - a +0 robe
 c - a +0 kite shield
 i - +0 steam dragon scales (worn)
 j - a scarf of resistance
 E - a +2 cloak (worn)
 R - an orb of light
Jewellery
 m - a ring of resist corrosion (left claw)
 x - a ring of flight
 C - a +6 ring of strength (right claw)
 L - a ring of protection from cold
 S - an amulet of faith (around neck)
Wands
 t - a wand of flame (18)
 y - a wand of charming (8)
 U - a wand of acid (11)
 W - a wand of mindburst (10)
Scrolls
 k - 4 scrolls of teleportation
 r - 4 scrolls of fog
 F - 2 scrolls of amnesia
 M - a scroll of magic mapping
 N - 2 scrolls of enchant weapon
 O - a scroll of torment
Potions
 d - 2 potions of might
 e - 3 potions of ambrosia
 h - 4 potions of heal wounds
 n - 6 potions of curing
 v - a potion of brilliance {unknown}
 z - a potion of degeneration {unknown}
 A - 3 potions of attraction
 B - 2 potions of berserk rage
 H - a potion of mutation {unknown}
 P - a potion of magic {unknown}


   Skills:
 + Level 6.3 Fighting
 + Level 11.6 Maces & Flails
 + Level 6.5 Dodging
 + Level 1.6 Stealth
 + Level 2.8 Shields


You had 9 spell levels left.
You didn't know any spells.
Your spell library contained the following spells:

 Spells                   Type           Power      Damage    Failure   Level
 Magic Dart               Conj           0%         1d3       50%         1
 Sandblast                Erth           0%         2d4       50%         1
 Call Imp                 Summ           0%         N/A       65%         2
 Passwall                 Tmut/Erth      0%         N/A       65%         2
 Sublimation of Blood     Necr           0%         N/A       65%         2
 Mephitic Cloud           Conj/Pois/Air  0%         N/A       86%         3
 Stone Arrow              Conj/Erth      0%         3d7       86%         3
 Hailstorm                Conj/Ice       0%         3d3       99%         4
 Ice Form                 Ice/Tmut       0%         N/A       99%         4
 Petrify                  Tmut/Erth      0%         N/A       99%         4
 Irradiate                Conj/Tmut      0%         3d13      100%        5
 Simulacrum               Ice/Necr       0%         N/A       100%        6


Dungeon Overview and Level Annotations

Branches:
Dungeon (8/15)             Temple (1/1) D:4            Lair (0/6) D:8
Ossuary (visited)

Altars:
Ashenzari
Cheibriados
Dithmenos
Elyvilon
Fedhas
Gozag
Hepliaklqana
Kikubaaqudgha
Makhleb
Nemelex Xobeh
Okawaru
Qazlal
Ru
Sif Muna
Trog
Uskayaw
Vehumet
Wu Jian
Xom
Yredelemnul
Zin
The Shining One

Shops:
D:2 [


Innate Abilities, Weirdness & Mutations

You are too large for most types of armour.
You have claws for hands.
Your natural rate of healing is unusually fast.
You are covered in fur. (AC +1)
You have tough skin. (AC +1)


Message History

Makhleb accepts your kill.
HP restored.
There is a stone staircase leading down, spattered with blood here.
Things that are here:
a yak corpse; a death yak corpse You fly downwards.
The death yak bellows!
The yak gores you. x2; The death yak gores you!!
The yak gores you!
The yak bellows!
There is a stone staircase leading up, spattered with blood here.
The death yak gores you. The yak closely misses you. The yak gores you.
You fly upwards.
There is a stone staircase leading down, spattered with blood here.
Things that are here:
a yak corpse; a death yak corpse You completely miss the death yak.
The yak misses you. The death yak gores you. The yak closely misses you.
You bludgeon the death yak!!
Your weapon exudes an aura of protection.
The death yak is moderately wounded.
The yak closely misses you. The death yak gores you! The yak gores you.
You bludgeon the death yak!!
The death yak is heavily wounded.
The yak barely misses you. The death yak gores you! The yak gores you!
* * * LOW HITPOINT WARNING * * *
The yak barely misses you. The death yak gores you!
* * * LOW HITPOINT WARNING * * *
The yak gores you but does no damage.
You fly downwards.
The yak gores you but does no damage. The yak completely misses you.
The death yak barely misses you. The yak gores you but does no damage.
The yak closely misses you.
There is a stone staircase leading up, spattered with blood here.
The yak misses you.
The death yak gores you but does no damage.
The death yak gores you.
* * * LOW HITPOINT WARNING * * *
The yak gores you.
* * * LOW HITPOINT WARNING * * *
The yak closely misses you. The yak gores you!
You die...

###.........[.......######
.........................#
..............>..........########
.........................'.....†.
.......#.................########
.......####..............#
##+#...# #..#...........#
.#.#...# #..#...YY......#
.#.##+#####.....@YYY.....#
.#.......##......Y..##+###
.........##..........#.#
#................###'#.#
#................##....#
.................##....#
.......#..........+....#
...#...#.....###+##....#
.......+...............#


You could see 2 death yaks and 4 yaks.

Vanquished Creatures
  5 death yaks
  A two-headed ogre (D:8)
  2 yaks (D:7)
  A steam dragon (D:7)
  3 water moccasins
  An acid dragon (D:5)
  An ice beast (D:6)
  An orc warrior (D:8)
  A centaur (D:6)
  2 phantoms
  3 bullfrogs
  A wyvern zombie (D:6)
  A water moccasin zombie (D:6)
  A gnoll sergeant (D:7)
  2 scorpions
  9 killer bees (D:8)
  2 centaur zombies
  3 hounds
  2 jellies (D:6)
  Crazy Yiuf (D:4)
  A gnoll shaman (D:6)
  4 orc priests
  A centaur skeleton (D:5)
  6 orc wizards
  3 iguanas (D:6)
  A mummy (Ossuary)
  A howler monkey zombie (D:7)
  Robin (D:4)
  12 gnolls
  A howler monkey skeleton (D:4)
  3 adders
  4 shadow imps
  2 ufetubi
  2 worms (D:2)
  22 orcs
  3 spectral bats (Ossuary)
  5 ball pythons
  5 endoplasms
  3 giant cockroaches
  14 goblins
  9 hobgoblins
  3 jackals (D:3)
  A quokka (D:2)
  A ball python zombie (D:3)
  5 bats
  2 bat simulacra (Ossuary)
  12 gnoll zombies (Ossuary)
  3 goblin simulacra (Ossuary)
  9 goblin zombies (Ossuary)
  3 hobgoblin zombies (Ossuary)
  5 kobolds
  7 kobold simulacra (Ossuary)
  3 kobold zombies (Ossuary)
  3 orc zombies (Ossuary)
  A quokka zombie (D:3)
  3 rats
  3 rat simulacra (Ossuary)
  2 spectral goblins (Ossuary)
  2 spectral kobolds (Ossuary)
  5 spectral rats (Ossuary)
219 creatures vanquished.

Notes
Turn   | Place    | Note
-------+----------+-------------------------------------------
     0 | D:1      | issech the Troll Fighter began the quest for the Orb.
     0 | D:1      | Reached XP level 1. HP: 22/22 MP: 0/0
   581 | D:1      | Reached XP level 2. HP: 28/29 MP: 1/1
   932 | D:1      | Reached skill level 2 in Maces & Flails
  1080 | D:2      | Found Fabiostu's Antique Armour Shop.
  1121 | D:2      | Reached XP level 3. HP: 32/36 MP: 2/2
  1416 | D:2      | Reached skill level 3 in Maces & Flails
  1563 | D:2      | Found a faded altar of an unknown god.
  1700 | D:2      | Identified the +5 great mace "Tiusups" {protect, Fly rElec
                  | rC+ Will+}
  1852 | D:2      | Reached XP level 4. HP: 44/44 MP: 3/3
  2221 | D:3      | Found a shimmering altar of Xom.
  2222 | D:3      | Found an iron altar of Okawaru.
  2225 | D:3      | Found a snail-covered altar of Cheibriados.
  2225 | D:3      | Found a sparkling altar of Nemelex Xobeh.
  2231 | D:3      | Found an ornate altar of the Wu Jian Council.
  2231 | D:3      | Found a broken altar of Ashenzari.
  2232 | D:3      | Found a bloodstained altar of Trog.
  2712 | D:3      | Found a basalt altar of Yredelemnul.
  2920 | D:4      | Found a glowing golden altar of the Shining One.
  3022 | D:4      | Reached XP level 5. HP: 52/52 MP: 4/4
  3043 | D:4      | Noticed Robin
  3046 | D:4      | Killed Robin
  3173 | D:4      | Found a runed translucent door.
  3174 | D:4      | Noticed Crazy Yiuf
  3248 | D:4      | Found a staircase to the Ecumenical Temple.
  3254 | Temple   | Entered the Ecumenical Temple
  3350 | Temple   | Became a worshipper of Makhleb the Destroyer
  3745 | D:4      | Killed Crazy Yiuf
  3746 | D:4      | Reached skill level 4 in Maces & Flails
  3786 | D:5      | Entered Level 5 of the Dungeon
  4026 | D:5      | Noticed a phantom
  4034 | D:5      | Killed a phantom
  4035 | D:5      | Reached XP level 6. HP: 61/61 MP: 5/5
  4346 | D:5      | Reached skill level 5 in Maces & Flails
  4371 | D:5      | Noticed an acid dragon
  4437 | D:5      | Killed an acid dragon
  4438 | D:5      | Reached XP level 7. HP: 37/67 MP: 6/6
  4944 | D:6      | Reached skill level 6 in Maces & Flails
  5123 | D:6      | Reached XP level 8. HP: 76/78 MP: 7/7
  5282 | D:6      | Reached * piety under Makhleb
  5285 | D:6      | Reached skill level 7 in Maces & Flails
  5973 | D:7      | Reached skill level 8 in Maces & Flails
  6033 | D:7      | Found a blossoming altar of Fedhas.
  6108 | D:7      | Found a hazy altar of Hepliaklqana.
  6380 | D:7      | Found a sand-covered staircase.
  6389 | Ossuary  | Entered an ossuary
  6464 | Ossuary  | Reached ** piety under Makhleb
  6643 | Ossuary  | Reached *** piety under Makhleb
  7435 | D:7      | Reached skill level 1 in Stealth
  7435 | D:7      | Reached XP level 9. HP: 87/87 MP: 8/8
  7642 | D:8      | Reached skill level 5 in Dodging
  7685 | D:8      | Reached skill level 5 in Fighting
  7794 | D:8      | Reached skill level 9 in Maces & Flails
  7885 | D:8      | Noticed a two-headed ogre
  7923 | D:8      | Killed a two-headed ogre
  8020 | D:8      | Reached **** piety under Makhleb
  8098 | D:8      | Noticed a death yak
  8098 | D:8      | Noticed a death yak
  8100 | D:8      | Noticed a death yak
  8171 | D:6      | Killed a death yak
  8172 | D:6      | Reached skill level 10 in Maces & Flails
  8172 | D:6      | Reached XP level 10. HP: 50/97 MP: 9/9
  8178 | D:7      | Killed a death yak
  8318 | D:8      | Found a staircase to the Lair.
  8319 | D:8      | Noticed a death yak
  8324 | D:8      | Noticed a death yak
  8332 | D:8      | Noticed a death yak
  8370 | D:7      | Killed a death yak
  8379 | D:7      | Killed a death yak
  8380 | D:7      | Reached skill level 11 in Maces & Flails
  8471 | D:8      | Noticed a death yak
  8478 | D:7      | Killed a death yak
  8523 | D:8      | Slain by a yak

Illustrated notes

Levels and vault maps discovered:
D:1:      ebering_trefoil_twist, layout_basic, serial_rivers,
          chequers_serial_rivers_micro_c, chequers_serial_rivers_micro_c,
          chequers_serial_rivers_marsh, chequers_serial_rivers_micro_e
D:2:      cheibrodos_greedy_goblins, layout_basic, serial_shops,
          nicolae_shop_hallway_stairs, ebering_ecumenical_altar_abandoned,
          minivault_5, nrook_uturn, minmay_misc_feat_chi
D:3:      layout_loops_corners, grunt_temple_overflow_open,
          lemuel_zombie_altar_yredelemnul
D:4:      layout_loops_ring, nicolae_tso_carved_into_rock,
          minmay_temple_entry_fiery, uniq_crazy_yiuf_cottage, uniq_robin
D:5:      layout_basic
D:6:      layout_gridville
D:7:      layout_basic, mainiacjoe_overflow_swirl,
          nicolae_ossuary_entry_monument
D:8:      layout_basic, dpeg_lair_monsters
Temple:   jpeg_temple_clearing

Skill      XL: |  1  2  3  4  5  6  7  8  9 10 |
---------------+-------------------------------+-----
Maces & Flails | 2 3 4 5 6 8 10 11 | 11.6
Fighting       | 3 4 5 6 |  6.3
Dodging        | 3 4 6 |  6.5
Stealth        | 1 |  1.6
Shields        | |  2.8

Action                   |  1- 3 |  4- 6 |  7- 9 | 10-12 || total
-------------------------+-------+-------+-------+-------++-------
Melee: Flail             |    15 |       |       |       ||    15
       Whip              |   132 |       |       |       ||   132
       Great mace        |     2 |   133 |   315 |    42 ||   492
  Use: Scroll            |     3 |     2 |     5 |     6 ||    16
       Potion            |       |       |     1 |       ||     1
 Stab: Sleeping          |       |       |     3 |       ||     3
Armor: Robe              |    70 |   101 |    84 |       ||   255
       Steam dragon scal |       |       |   136 |    19 ||   155
Dodge: Dodged            |    59 |   104 |   231 |    34 ||   428
Block: Kite shield       |    62 |       |       |       ||    62

Table legend: (Time is in decaauts)
 A = Elapsed time spent in this place.
 B = Non-inter-level travel time spent in this place.
 C = Inter-level travel time spent in this place.
 D = Time resting spent in this place.
 E = Time spent auto-exploring this place.
 F = Levels seen in this place.
 G = Mean time per level.
                   A        B        C        D        E       F      G
               +--------+--------+--------+--------+--------+-----+--------+
         Total |   8722 |   8456 |    266 |    519 |   4216 |  10 |  872.2 |
       Dungeon |   7849 |   7608 |    241 |    247 |   4078 |   8 |  981.1 |
        Temple |    112 |     87 |     25 |      0 |     65 |   1 |  112.0 |
       Ossuary |    759 |    759 |      0 |    272 |     73 |   1 |  759.0 |
               +--------+--------+--------+--------+--------+-----+--------+

Top non-repeatable levels by time:
     D:7: 1271 daAuts
     D:5: 1094 daAuts
     D:1: 991 daAuts
     D:2: 989 daAuts
     D:6: 987 daAuts
     D:3: 939 daAuts
     D:4: 825 daAuts
 Ossuary: 759 daAuts
     D:8: 750 daAuts
  Temple: 112 daAuts
